 Dungeon Crawl Stone Soup version 0.28.0-45-g0d030f2227 (webtiles) character file.

Game seed: 6618695818110867352

93 DearestLeader the Grave Robber (level 4, -8/38 HPs)
             Began as a Deep Dwarf Necromancer on Apr 7, 2022.
             Mangled by a gnoll
             ... wielding a +0 flail
              (10 damage)
             ... on level 2 of the Dungeon.
             The game lasted 00:04:49 (2123 turns).

DearestLeader the Grave Robber (DDNe)               Turns: 2123, Time: 00:04:50

Health: -8/38      AC:  2    Str: 13    XL:     4   Next: 36%
Magic:  2/7        EV: 16    Int: 22    God:
Gold:   80         SH:  0    Dex: 13    Spells: 2/7 levels left

rFire   . . .      SeeInvis .   e - +1 whip (vamp)
rCold   . . .      Faith    .   (no shield)
rNeg    . . .      Spirit   .   a - +0 robe
rPois   .          Reflect  .   (no helmet)
rElec   .          Harm     .   (no cloak)
rCorr   .          Rampage  .   (no gloves)
Will    .....                   (no boots)
Stlth   ++........              (no amulet)
HPRegen 0.00/turn               h - +4 ring of evasion
MPRegen 0.10/turn               b - +6 ring of intelligence

@: no status effects
A: damage resistance, heal wounds, sense surroundings 1, no regeneration
a: Heal Wounds


You were on level 2 of the Dungeon.
You visited 1 branch of the dungeon, and saw 2 of its levels.

You collected 80 gold pieces.

Inventory:

Hand Weapons
 e - a +1 vampiric whip (weapon)
 f - a +0 mace
 i - a +0 whip
 l - a +0 war axe
Armour
 a - a +0 robe (worn)
 j - a +0 ring mail
Jewellery
 b - a +6 ring of intelligence (right hand)
 h - a +4 ring of evasion (left hand)
Scrolls
 c - a scroll of acquirement {unknown}
Potions
 d - 2 potions of flight {unknown}


   Skills:
 + Level 1.2 Fighting
 - Level 3.0 Dodging
 - Level 3.0 Stealth
 - Level 2.0 Spellcasting
 * Level 5.5 Necromancy


You had 2 spell levels left.
You knew the following spells:

 Your Spells              Type           Power      Damage    Failure   Level
a - Pain                  Necr           100%       1d9       1%          1
b - Animate Skeleton      Necr           52%        N/A       1%          1
c - Vampiric Draining     Necr           26%        2d7       4%          3

Your spell library contained the following spells:

 Spells                   Type           Power      Damage    Failure   Level
 Static Discharge         Conj/Air       2%         N/A       21%         2
 Animate Dead             Necr           13%        N/A       14%         4
 Agony                    Necr           26%        N/A       36%         5
 Lightning Bolt           Conj/Air       1%         1d12      98%         5
 Maxwell's Capacitive Co  Air            1%         ∞         100%        8


Dungeon Overview and Level Annotations

Branches:
Dungeon (2/15)

Altars:


Innate Abilities, Weirdness & Mutations

You are resistant to damage.
You can heal yourself by infusing magical energy.
You passively map a small area around you.
You do not regenerate.


Message History

The gnoll writhes in agony.
Unknown command.
Casting: Pain (safe; 1% risk of failure)
Confirm with . or Enter, or press ? or * to list all spells.
Aiming: Pain (safe; 1% risk of failure)
Press: ? - help, Shift-Dir - straight line, f/p - gnoll
Aim: a gnoll, wielding a +0 flail (moderately wounded, chance to affect: 88%)
The gnoll writhes in agony.
Casting: Pain (safe; 1% risk of failure)
Confirm with . or Enter, or press ? or * to list all spells.
Aiming: Pain (safe; 1% risk of failure)
Press: ? - help, Shift-Dir - straight line, f/p - gnoll
Aim: a gnoll, wielding a +0 flail (heavily wounded, chance to affect: 88%)
The gnoll writhes in agony.
You kill the gnoll!
Unknown command.
Casting: Pain (safe; 1% risk of failure)
Confirm with . or Enter, or press ? or * to list all spells.
Aiming: Pain (safe; 1% risk of failure)
Press: ? - help, Shift-Dir - straight line, f - gnoll
Aim: a gnoll, wielding a +0 flail (chance to affect: 88%)
The gnoll writhes in agony.
Casting: Pain (safe; 1% risk of failure)
Confirm with . or Enter, or press ? or * to list all spells.
Aiming: Pain (safe; 1% risk of failure)
Press: ? - help, Shift-Dir - straight line, f/p - gnoll
Aim: a gnoll, wielding a +0 flail (heavily wounded, chance to affect: 88%)
The gnoll writhes in agony.
Casting: Pain (safe; 1% risk of failure)
Confirm with . or Enter, or press ? or * to list all spells.
Aiming: Pain (safe; 1% risk of failure)
Press: ? - help, Shift-Dir - straight line, f/p - gnoll
Aim: a gnoll, wielding a +0 flail (heavily wounded, chance to affect: 88%)
The gnoll writhes in agony.
The gnoll hits you with a +0 flail!
* * * LOW HITPOINT WARNING * * *
The gnoll hits you with a +0 flail.
* * * LOW HITPOINT WARNING * * *
There is a stone staircase leading down here.
The gnoll misses you. The gnoll hits you with a +0 flail!
You die...

......####†#.# ####
* ,
...(..####.#.#####
# *
..................#
..............###.#
* * ,
.......####...# *
,,
.....####...###.# *
* ,
###.##...........#
*
#.......ggg..###.#
, , #.#.##.###@..#
* * ,*#...#.#.#
..gg..g.#.#.#.#*
###
*..g.g##...#....
..# ## .#.#
#..##...##* * #.#
#. .. #....... ,
#.# #. *, * ,*
#..###.. * #.# #. ,
#... ... ,** #.# #.
, #..# * #.# #.


You could see 3 gnolls.

Vanquished Creatures
  Jessica (D:2)
  An adder (D:2)
  2 gnolls
  An orc (D:2)
  2 ball pythons (D:1)
  4 bats (D:1)
  2 endoplasms (D:2)
  3 goblins
  2 hobgoblins (D:1)
  6 jackals (D:1)
  4 quokkas
  3 frilled lizards
  2 kobolds (D:2)
  3 rats
36 creatures vanquished.

Notes
Turn   | Place    | Note
-------+----------+-------------------------------------------
     0 | D:1      | DearestLeader the Deep Dwarf Necromancer began the quest
                  | for the Orb.
     0 | D:1      | Reached XP level 1. HP: 15/15 MP: 3/3
   289 | D:1      | Reached XP level 2. HP: 8/22 MP: 0/4
   449 | D:1      | Found a faded altar of an unknown god.
   452 | D:1      | Learned a level 1 spell: Animate Skeleton
   894 | D:1      | Reached XP level 3. HP: 11/28 MP: 0/6
   898 | D:1      | Learned a level 3 spell: Vampiric Draining
  1524 | D:2      | Reached skill level 5 in Necromancy
  1623 | D:2      | Noticed Jessica
  1628 | D:2      | Killed Jessica
  1629 | D:2      | Reached skill level 1 in Fighting
  1629 | D:2      | Reached XP level 4. HP: 15/38 MP: 3/7
  2123 | D:2      | Mangled by a gnoll

Illustrated notes

Levels and vault maps discovered:
D:1:      lightli_arrival_boilingwater, layout_loops_corners,
          dreamdust_ecumenical_altar_angels_and_demons
D:2:      layout_loops_ring, hangedman_abyss_or_decor_stabs, chequers_arboretum,
          uniq_jessica

Skill      XL: |  1  2  3 |
---------------+----------+-----
Spellcasting   | 2 |  2.0
Stealth        | 3 |  3.0
Necromancy     | 5 |  5.5
Fighting       | 1 |  1.2
Dodging        | 3 |  3.0

Action                   |  1- 3 |  4- 6 || total
-------------------------+-------+-------++-------
Melee: Unarmed           |     8 |       ||     8
       Mace              |    17 |     5 ||    22
 Cast: Pain              |    41 |     9 ||    50
       Vampiric Draining |     6 |     3 ||     9
  Use: Potion            |       |     4 ||     4
       Scroll            |       |     1 ||     1
 Stab: Sleeping          |     1 |       ||     1
Armor: Robe              |     7 |     3 ||    10
Dodge: Dodged            |    28 |     3 ||    31
